 Dungeon Crawl Stone Soup version 0.22-a0-379-ga9d99d6 (webtiles) character file.

130 Kairos the Shield-Bearer (level 5, 0/28 HPs)
             Began as a Vine Stalker Fighter on Apr 28, 2018.
             Killed by divine providence
             ... invoked by an orc priest
              (6 damage)
             ... on level 3 of the Dungeon.
             The game lasted 00:01:54 (1769 turns).

Kairos the Shield-Bearer (Vine Stalker Fighter)     Turns: 1769, Time: 00:01:55

Health: 0/28       AC:  6    Str: 24    XL:     5   Next: 14%
Magic:  0/6        EV:  7    Int:  8    God:
Gold:   149        SH:  9    Dex: 13    Spells: 4/4 levels left

rFire    x . .     SeeInvis .   a - +0 war axe
rCold    + . .     Gourm    .   c - +0 shield
rNeg     . . .     Faith    .   b - +0 scale mail
rPois    .         Spirit   +   (no helmet)
rElec    .         Reflect  .   (no cloak)
rCorr    .         Harm     .   (no gloves)
MR       .....                  (no boots)
Stlth    ..........             (no amulet)
HPRegen  0.49/turn              l - +4 ring of strength
MPRegen  0.10/turn              q - ring of ice

@: no status effects
A: fangs 2, regeneration 1, magic shield, antimagic bite, no potion heal 3, rot
immunity
a: no special abilities


You were on level 3 of the Dungeon.
You were very hungry.

You visited 1 branch of the dungeon, and saw 3 of its levels.

You collected 149 gold pieces.

Inventory:

Hand Weapons
 a - a +0 war axe (weapon)
Missiles
 p - a throwing net (quivered)
Armour
 b - a +0 scale mail (worn)
 c - a +0 shield (worn)
Jewellery
 l - a +4 ring of strength (left hand)
 q - a ring of ice (right hand)
Scrolls
 e - 2 scrolls of remove curse {unknown}
 i - a scroll of magic mapping {unknown}
 j - a scroll of enchant armour {unknown}
 n - a scroll of identify {unknown}
 o - a scroll of teleportation {unknown}
Potions
 d - a potion of might
 g - a potion of haste {unknown}
 h - 3 potions of lignification {unknown}
 k - 2 potions of heal wounds {unknown}
 m - a potion of degeneration {unknown}
Comestibles
 f - 3 rations


   Skills:
 + Level 3.1 Fighting
 + Level 3.2 Axes
 + Level 3.1 Armour
 + Level 0.2 Dodging
 + Level 3.2 Shields


You had 4 spell levels left.
You didn't know any spells.

Dungeon Overview and Level Annotations

Branches:
Dungeon (3/15)

Altars:
Hepliaklqana
Makhleb
Trog


Innate Abilities, Weirdness & Mutations

You have extremely sharp teeth.
Your natural rate of healing is unusually fast.
When hurt, damage is shared between your health and your magic reserves.
Your bite disrupts and absorbs the magic of your enemies.
Potions cannot restore your health.
You are immune to rotting.


Message History

You bite the orc priest, but do no damage.
The orc priest is severely wounded.
You block the orc priest's attack.
You closely miss the orc priest.
The orc priest is severely wounded.
The orc priest begins to cast a cantrip, but forgets the words!
You block the orc priest's attack.
You barely miss the orc priest.
The orc priest is severely wounded.
The orc priest hits you but does no damage.
You closely miss the orc priest.
You bite the orc priest, but do no damage.
The orc priest is severely wounded.
The orc priest hits you but does no damage.
You completely miss the orc priest.
You bite the orc priest, but do no damage.
The orc priest is severely wounded.
The orc priest invokes the aid of Beogh against you.
Beogh smites you!
You die... #......##....###.#... ######.##....'...#%.. ###.##....#####{. #...###'### #oo

#.#.###.# #.# #.......# #g#
###.#.#...# #.#
#...#.#...#######.#
#.###.###.....@o..#
#.#.....#.##########
#.#######.#........#
#.≈≈≈≈≈≈≈.#.....##.########
#.#######.#.....#..........
#.
#.#.....#.+.....#..########
#. #.###.###......##..# #..
. #...#.#....######..# #.#
###.#.#....# #..##### #.#


You could see an orc priest.

Vanquished Creatures
  4 adders
  3 oozes (D:1)
  A dart slug (D:1)
  6 orcs (D:3)
  A ball python (D:1)
  2 giant cockroaches (D:1)
  6 goblins
  9 hobgoblins
  8 jackals
  2 kobolds (D:1)
  A quokka (D:2)
  6 bats
  2 frilled lizards
  5 rats (D:1)
56 creatures vanquished.

Vanquished Creatures (others)
  An orc wizard (D:3)
1 creature vanquished.

Grand Total: 57 creatures vanquished

Notes
Turn   | Place    | Note
-------+----------+-------------------------------------------
     0 | D:1      | Kairos the Vine Stalker Fighter began the quest for the Orb.
     0 | D:1      | Reached XP level 1. HP: 11/11 MP: 2/2
     1 | D:1      | Found a runed door.
   119 | D:1      | Reached XP level 2. HP: 16/16 MP: 3/3
   385 | D:1      | Reached XP level 3. HP: 15/20 MP: 4/4
   971 | D:2      | Gained mutation: Your natural rate of healing is unusually fast. [Vine Stalker growth]
   971 | D:2      | Reached XP level 4. HP: 22/24 MP: 5/5
  1346 | D:2      | Found a hazy altar of Hepliaklqana.
  1346 | D:2      | Found a bloodstained altar of Trog.
  1507 | D:3      | Found a burning altar of Makhleb.
  1752 | D:3      | Reached XP level 5. HP: 13/28 MP: 6/6
  1769 | D:3      | Killed from afar by an orc priest

Vault maps used:
D:1:      dpeg_arrival_caged_fury, dk_noncrumbling_2, minmay_misc_feat_square,
          serial_park_tiny_pond, minmay_misc_feat_x
D:2:      gammafunk_temple_overflow_elements, first_ration
D:3:      lemuel_doored_altar, grunt_decor_cap

Skill      XL: |  1  2  3  4 |
---------------+-------------+-----
Fighting       | 3 |  3.1
Axes           | 2 3 |  3.2
Shields        | 3 |  3.2
Armour         | 3 |  3.1
Dodging        | |  0.2

Action                   |  1- 3 |  4- 6 || total
-------------------------+-------+-------++-------
Melee: War axe           |    95 |    67 ||   162
       Bite              |    19 |    19 ||    38
  Eat: Chunk             |       |     2 ||     2
Armor: Scale mail        |    43 |    25 ||    68
Dodge: Dodged            |    30 |    15 ||    45
Block: Shield            |    57 |    35 ||    92

Table legend:
 A = Spawn XP
 B = Non-spawn XP
 C = Spawn XP percentage of total XP
 D = Spawn monster count
 E = Non-spawn monster count
 F = Spawn count percentage of total count
 G = Total turns spent on level
                    A         B        C        D         E        F      G
               +---------+---------+-------+---------+---------+-------+---------
         Total |       0 |     187 |   0.0 |       0 |      57 |   0.0 |  1769
               +---------+---------+-------+---------+---------+-------+---------
           D:1 |       0 |      77 |   0.0 |       0 |      36 |   0.0 |   846
           D:2 |       0 |      19 |   0.0 |       0 |       5 |   0.0 |   640
           D:3 |       0 |      91 |   0.0 |       0 |      16 |   0.0 |   283
               +---------+---------+-------+---------+---------+-------+---------
